Map: Torches LE

Players

Zoun - Winner!

  • Race: Protoss Protoss
  • League: Master
  • Spawn Location: 5:00

LiquidElazer (Elazer)

  • Race: Zerg Zerg
  • Spawn Location: 1:00

Event: HomeStory Cup XXVII

VOD

Have the link to the VOD?

Description

Time

  • Played on: June 28, 2025, 8:40 a.m.
  • Length: 12:17

All games in this series

Show
View Real Time Build Order
Export as new Build Order

Zoun Protoss - Winner!

Build Orders: Oracle Opening 

Get SALT Encoding   

  12  0:00  Probe  
  13  0:12  Probe  
  14  0:21  Pylon  
  14  0:24  Probe  
  15  0:36  Probe  
  16  0:44  Gateway, Probe  
  17  0:53  Probe  
  18  1:00  Forge  
  18  1:10  Pylon  
  18  1:25  Assimilator  
  18  1:33  Photon Cannon  
  18  1:37  Cybernetics Core, Probe  
  19  1:44  Photon Cannon  
  19  1:49  Probe  
  20  2:01  Assimilator  
  20  2:02  Probe  
  20  2:03  Adept  
  20  2:06  Pylon  
  23  2:14  Probe  
  24  2:21  Photon Cannon  
  24  2:26  Probe  
  25  2:33  Adept  
  27  2:38  Probe  
  28  2:49  Stargate  
  29  2:51  Probe  
  29  3:00  Warp Gate  
  29  3:03  Probe  
  30  3:15  Probe  
  30  3:19  Nexus  
  31  3:27  Probe  
  31  3:28  Oracle  
  31  3:33  Pylon  
  32  3:40  Probe  
  36  3:50  Pylon  
  36  3:51  Stalker  
  38  3:57  Probe  
  39  4:05  Oracle  
  42  4:10  Probe  
  43  4:20  Gateway  
  43  4:22  Probe  
  44  4:27  Probe  
  45  4:34  Probe  
  45  4:35  Probe  
  46  4:43  Twilight Council  
  47  4:49  Probe  
  47  4:52  Probe  
  48  4:55  Blink  
  48  4:57  Stalker  
  50  5:01  Probe  
  50  5:04  Probe  
  52  5:08  Nexus  
  52  5:13  Probe  
  53  5:16  Probe  
  54  5:25  Probe, Assimilator  
  54  5:28  Assimilator  
  55  5:31  Pylon, Probe  
  56  5:37  Protoss Ground Weapons Level 1  
  56  5:38  Probe  
  57  5:43  Probe  
  57  5:48  Gateway  
  57  5:49  Gateway  
  58  5:50  Probe  
  58  5:53  Shield Battery  
  58  5:55  Probe  
  60  5:59  Stalker x2  
  60  6:02  Probe  
  65  6:07  Probe  
  66  6:14  Pylon, Probe  
  67  6:19  Probe  
  67  6:20  Gateway, Probe  
  67  6:23  Gateway  
  67  6:24  Stalker  
  71  6:30  Stalker  
  71  6:31  Probe x2  
  75  6:38  Probe  
  76  6:41  Charge  
  76  6:43  Probe x2  
  76  6:44  Stalker x2  
  78  6:50  Shield Battery  
  78  6:51  Probe  
  78  6:52  Sentry  
  81  6:55  Probe  
  81  6:56  Probe  
  81  7:00  Stalker  
  85  7:06  Pylon  
  85  7:07  Pylon  
  83  7:10  Pylon  
  83  7:11  Pylon  
  83  7:20  Stalker x3  
  85  7:25  Stalker  
  81  7:32  Probe x2, Stalker  
  78  7:41  Cybernetics Core  
  78  7:44  Gateway  
  78  7:46  Gateway  
  78  7:47  Zealot x4  
  86  7:58  Zealot, Templar Archives  
  86  7:59  Zealot  
  90  8:05  Protoss Ground Weapons Level 2  
  90  8:09  Probe x2  
  90  8:11  Photon Cannon  
  92  8:13  Photon Cannon  
  92  8:18  Stalker x3  
  96  8:23  Stalker x2  
  96  8:25  Stalker  
  102  8:38  Stalker  
  102  8:39  Psionic Storm  
  104  8:44  Stalker x4  
  102  8:59  Stalker x3  
  104  9:02  Photon Cannon  
  104  9:05  Photon Cannon  
  104  9:07  Stalker  
  104  9:08  Stalker  
  108  9:18  Stalker x2  
  108  9:20  Stalker  
  108  9:22  Assimilator  
  108  9:41  Stalker x4  
  110  9:48  Stalker  
  96  9:53  Nexus  
  96  10:01  Stalker x2  
  96  10:05  Stalker  
  100  10:18  Stalker x2  
  102  10:23  Probe x2  
  102  10:27  Pylon x2  
  102  10:43  Probe x2  
  102  10:47  Stalker  
  102  10:48  Stalker x3  
  108  10:55  Probe x2  
  110  10:59  Pylon  
  110  11:00  Pylon  
  108  11:07  Probe, Stalker x2  
  102  11:22  Probe  
  102  11:23  Probe, Stalker x2  
  107  11:27  Pylon  
  103  11:40  Probe  
  103  11:41  Stalker x3  
  100  11:57  Stalker x3  
Show
View Real Time Build Order
Export as new Build Order

LiquidElazer Zerg 

Build Orders: Hatch First, Swarm Host 

Get SALT Encoding   

  12  0:00  Drone  
  13  0:08  Drone  
  14  0:14  Extractor  
  14  0:16  Drone  
  15  0:23  Overlord  
  15  0:42  Drone  
  16  0:50  Hatchery  
  16  0:51  Drone  
  16  0:56  Drone  
  17  0:59  Drone  
  18  1:10  Extractor  
  17  1:14  Spawning Pool  
  17  1:17  Drone  
  17  1:20  Drone  
  18  1:26  Drone  
  19  1:39  Drone  
  20  1:48  Overlord  
  21  2:07  Queen  
  23  2:08  Drone  
  23  2:10  Hatchery  
  23  2:15  Metabolic Boost  
  23  2:17  Drone  
  23  2:20  Drone  
  25  2:38  Drone  
  25  2:43  Zergling x2, Queen  
  29  2:52  Overlord  
  29  3:11  Zergling x2  
  30  3:13  Zergling x2  
  30  3:16  Zergling x4  
  30  3:19  Drone  
  34  3:22  Drone  
  35  3:29  Overlord  
  35  3:36  Drone  
  35  3:39  Drone  
  36  3:43  Lair  
  36  3:44  Drone  
  36  3:47  Spore Crawler  
  36  3:50  Spore Crawler  
  36  3:51  Drone x4  
  36  3:54  Drone  
  40  4:00  Drone  
  40  4:01  Drone x3  
  44  4:07  Drone  
  45  4:11  Drone  
  45  4:15  Queen  
  45  4:17  Overlord, Extractor  
  47  4:24  Drone x3  
  48  4:32  Drone x4  
  48  4:35  Drone  
  53  4:42  Drone  
  53  4:44  Queen  
  56  4:47  Overlord, Infestation Pit  
  54  4:53  Drone  
  54  4:56  Extractor  
  54  4:57  Extractor  
  53  5:00  Drone x6  
  53  5:04  Overlord  
  59  5:08  Overlord  
  59  5:16  Overlord  
  59  5:23  Queen  
  63  5:30  Swarm Host x3  
  63  5:32  Swarm Host  
  63  5:33  Swarm Host x2  
  79  5:36  Swarm Host  
  79  5:42  Swarm Host  
  82  5:45  Swarm Host  
  88  5:50  Zergling x6  
  91  5:58  Overlord  
  91  6:14  Overlord  
  91  6:16  Swarm Host x2  
  91  6:18  Zergling x4  
  99  6:19  Overlord  
  99  6:32  Queen x2  
  103  6:35  Swarm Host  
  106  6:40  Swarm Host x3  
  106  6:42  Overlord  
  115  7:02  Zergling x14  
  115  7:07  Queen  
  124  7:09  Overlord  
  124  7:11  Overlord  
  124  7:13  Queen  
  124  7:17  Swarm Host  
  124  7:22  Hatchery  
  117  7:24  Swarm Host x2  
  119  7:30  Swarm Host  
  119  7:36  Zergling x4  
  124  7:42  Swarm Host x2  
  124  7:43  Swarm Host  
  137  7:54  Swarm Host  
  140  8:03  Overlord  
  140  8:05  Overlord x2  
  136  8:19  Swarm Host  
  136  8:24  Swarm Host x3  
  148  8:28  Swarm Host  
  151  8:39  Swarm Host x4  
  151  8:40  Swarm Host x2  
  163  8:47  Swarm Host  
  161  8:52  Swarm Host  
  155  9:00  Zergling x10  
  154  9:09  Queen x3  
  156  9:11  Zergling x4  
  156  9:15  Overlord  
  162  9:22  Overlord  
  158  9:35  Swarm Host x4  
  158  9:39  Zergling x6  
  154  9:45  Zergling x2  
  154  9:52  Zergling x4  
  157  9:55  Queen x2  
  157  9:57  Zergling x2  
  139  10:16  Overlord  
  139  10:17  Overlord  
  138  10:27  Overlord  
  136  10:34  Overlord x3, Queen  
  135  10:45  Zergling x18  
  134  10:53  Zergling x6  
  134  10:56  Zergling x2  
  138  10:59  Zergling x2  
  139  11:16  Zergling x12  
  140  11:19  Zergling x6  
  140  11:22  Queen x2  
  144  11:27  Zergling x2  
  144  11:28  Zergling x2  
  137  11:44  Overlord x2  
Tags
 
Add a new tag
Caveats
  • Supply blocks, unpowered buildings, or Contaminate may cause inaccurate times.
  • Supply counts are checked every 10 seconds.